 Dungeon Crawl Stone Soup version 0.19.3 (webtiles) character file.

9450 Megalobster the Destroyer (level 11, -14/60 (62) HPs)
             Began as a Deep Elf Conjurer on Jan 22, 2017.
             Was an Elder of Vehumet.
             Shot with an arrow by a centaur warrior (24 damage)
             ... on level 11 of the Dungeon.
             The game lasted 01:13:13 (12903 turns).

Megalobster the Destroyer (Deep Elf Conjurer)      Turns: 12903, Time: 01:13:13

HP:   -14/60 (62)   AC: 10    Str:  5      XL:     11   Next: 23%
MP:   10/26         EV: 13    Int: 24      God:    Vehumet [****..]
Gold: 710           SH:  0    Dex: 15 (17) Spells: 9 memorised, 5 levels left

rFire  + . .     SeeInvis .     u - +1 short sword (drain)
rCold  . . .     Gourm    .     X - +0 robe {MR+}
rNeg   . . .     Faith    .     (no shield)
rPois  .         Spirit   .     x - +0 helmet
rElec  .         Reflect  .     j - +2 cloak
rCorr  .         Harm     .     y - +0 pair of gloves
MR     ++...                    F - +0 pair of boots
Stlth  ++........               (no amulet)
                                f - ring of ice
                                n - ring of fire

@: about to teleport
A: slimy green scales 1, agile 1, deterioration 1, fire resistance 1
a: Renounce Religion


You were on level 11 of the Dungeon.
You worshipped Vehumet.
Vehumet was greatly pleased with you.
You were not hungry.

You visited 2 branches of the dungeon, and saw 12 of its levels.

You collected 710 gold pieces.

Inventory:

Hand Weapons
 k - a +3 dagger
 u - a +1 short sword of draining (weapon)
 A - a +0 flail of crushing
Missiles
 P - 3 throwing nets (quivered)
Armour
 j - a +2 cloak (worn)
 x - a +0 helmet (worn)
 y - a +0 pair of gloves (worn)
 F - a +0 pair of boots (worn)
 X - a +0 robe of magic resistance (worn)
 Y - a cursed -1 robe
Magical Staves
 J - an uncursed staff of poison
Jewellery
 f - a ring of ice (right hand)
 n - a ring of fire (left hand)
 t - the cursed ring "Sonuymnu" {rC++ MP-9 Int-2, unknown}
   (You found it on level 10 of the Dungeon)

   [ring of intelligence]

   It affects your intelligence (-2).
   It greatly protects you from cold.
   It affects your magic capacity (-9).
   It has a curse placed upon it.
 K - an uncursed ring of ice
Wands
 i - a wand of disintegration (14/24)
 l - a wand of iceblast (0/15)
 o - a wand of flame (24/48)
 p - a wand of digging (6/24)
 E - a wand of random effects (15/48)
 G - a wand of teleportation (0/9)
 I - a wand of polymorph (8/24)
 L - a wand of flame (23/48)
 V - a wand of digging (9/24)
Scrolls
 a - a scroll of identify
 e - 5 scrolls of blinking {unknown}
 m - 8 scrolls of remove curse
 q - 2 scrolls of teleportation
 r - a scroll of brand weapon {unknown}
 w - 2 scrolls of recharging {unknown}
 C - a scroll of noise {unknown}
 D - 4 scrolls of enchant armour {unknown}
 N - a scroll of amnesia {unknown}
 T - a scroll of fear {unknown}
Potions
 d - 3 potions of might
 g - 3 potions of heal wounds {unknown}
 s - a potion of berserk rage {unknown}
 v - a potion of brilliance {unknown}
 z - a potion of ambrosia {unknown}
 B - a potion of agility
 H - 7 potions of flight
 Q - a potion of cancellation {unknown}
 S - 2 potions of resistance {unknown}
 U - a potion of lignification {unknown}
 W - a potion of invisibility {unknown}
Books
 b - a book of Conjurations

   Spells                             Type                      Level
   a - Magic Dart                     Conjuration                  1
   b - Searing Ray                    Conjuration                  2
   c - Dazzling Spray                 Conjuration/Hexes            3
   d - Fulminant Prism                Conjuration/Hexes            4
   e - Iskenderun's Mystic Blast      Conjuration                  4
   f - Iskenderun's Battlesphere      Conjuration/Charms           5
Comestibles
 c - 5 bread rations
 h - 8 fruits
 M - a meat ration
 O - 8 beef jerkies
 R - a chunk of flesh


   Skills:
 + Level 4.6 Fighting
 - Level 2.4 Dodging
 - Level 2.4 Stealth
 + Level 9.7 Spellcasting
 * Level 12.0 Conjurations
 + Level 10.6 Charms
 + Level 6.0 Fire Magic
 + Level 1.1 Air Magic
 + Level 5.8 Evocations


You had 5 spell levels left.
You knew the following spells:

 Your Spells              Type           Power        Failure   Level  Hunger
a - Magic Dart            Conj           ####         1%          1    None
b - Searing Ray           Conj           ######       1%          2    None
c - Iskenderun's Battles  Conj/Chrm      ######..     1%          5    ####...
d - Dazzling Spray        Conj/Hex       #####.       1%          3    None
e - Iskenderun's Mystic   Conj           ######..     1%          4    #......
f - Fulminant Prism       Conj/Hex       #####.....   1%          4    #......
g - Flame Tongue          Conj/Fire      #####        1%          1    None
h - Shock                 Conj/Air       ####         1%          1    None
i - Conjure Flame         Conj/Fire      ######..     1%          3    None


Dungeon Overview and Level Annotations

Branches:
Dungeon (11/15)            Temple (1/1) D:4            Lair (0/6) D:10
    Orc (0/2) D:10

Altars:
Ashenzari
Cheibriados
Dithmenos
Elyvilon
Fedhas
Gozag
Hepliaklqana
Kikubaaqudgha
Makhleb
Nemelex Xobeh
Okawaru
Qazlal
Ru
Sif Muna
Trog
Uskayaw
Vehumet
Xom
Yredelemnul
Zin
The Shining One

Shops:
D:4 !


Innate Abilities, Weirdness & Mutations

You are partially covered in slimy green scales. (AC +2)
You are agile. (Dex +2)
Your body sometimes deteriorates upon taking damage.
Your flesh is heat resistant. (rF+)


Message History

The centaur warrior wields a shortbow.
The centaur warrior shoots an arrow.
The arrow hits you!
Your body deteriorates!
You feel clumsy.
The centaur warrior shoots an arrow.
The arrow hits you!
Your body deteriorates!
You feel clumsy.
You see here an arrow.
Evoke which item? (* to show all) (? for menu, Esc to quit)
Zapping:
G - a wand of teleportation {zapped: 2} (will waste charges)
Press: ? - help, Shift-Dir - straight line, p - centaur warrior Nothing appears to happen.
Evoking this partially-identified wand wasted a few charges.
The centaur warrior shoots an arrow.
The arrow hits you!
* * * LOW HITPOINT WARNING * * *
The centaur warrior shoots an arrow.
The arrow misses you.
As you read the scroll of teleportation, it crumbles to dust.
You feel strangely unstable.
The centaur warrior shoots an arrow.
The arrow hits you.
* * * LOW HITPOINT WARNING * * *
The centaur warrior shoots an arrow.
The arrow hits you!!
You die...

##### #...# #...#
#...# #..(##########
#...*........#
#....@.......#
................#
...........(.......
.....................
.......c######.......Y
........# #........
....... #........
#..###


You could see a centaur warrior and a friendly battlesphere.

Vanquished Creatures
  A manticore (D:9)
  A gargoyle (D:7)
  2 trolls
  A two-headed ogre (D:9)
  Prince Ribbit (D:7)
  3 hippogriffs
  A slime creature (D:9)
  A wyvern (D:10)
  6 yaks
  A steam dragon (D:10)
  A hungry ghost (D:9)
  Duvessa (D:4)
  2 hell hounds (D:10)
  4 orc warriors
  5 ice beasts
  5 sky beasts
  3 black bears (D:9)
  2 hornet zombies
  9 ogres
  2 phantoms
  2 necrophages
  7 centaurs
  3 big kobolds
  Blork the orc (D:4)
  5 bullfrogs
  Dowan (D:4)
  A killer bee (D:9)
  An electric eel (D:7)
  A howler monkey (D:6)
  4 crimson imps
  3 jellies
  A quasit (D:9)
  7 hounds
  2 gnoll shamans
  5 orc priests
  2 centaur skeletons (D:9)
  A bullfrog skeleton (D:5)
  2 iguanas (D:6)
  6 worker ants
  5 orc wizards
  A hound zombie (D:2)
  A worker ant zombie (D:10)
  12 gnolls
  6 adders
  2 shadow imps
  3 oozes
  An adder skeleton (D:4)
  3 worms
  5 leopard geckos
  28 orcs
  A bat zombie (D:2)
  4 giant cockroaches
  9 hobgoblins
  10 jackals
  24 kobolds
  6 quokkas
  2 ball pythons
  A ball python skeleton (D:6)
  14 bats
  3 frilled lizards
  10 goblins
  A leopard gecko skeleton (D:5)
  A quokka skeleton (D:7)
  6 rats
  4 plants (D:7)
270 creatures vanquished.

Vanquished Creatures (others)
  16 fulminant prisms
16 creatures vanquished.

Grand Total: 286 creatures vanquished

Notes
Turn   | Place    | Note
-------+----------+-------------------------------------------
     0 | D:1      | Megalobster the Deep Elf Conjurer began the quest for the Orb.
     0 | D:1      | Reached XP level 1. HP: 10/10 MP: 6/6
   113 | D:1      | Reached XP level 2. HP: 15/15 MP: 4/8
   137 | D:1      | Learned a level 2 spell: Searing Ray
   208 | D:1      | Reached skill level 5 in Conjurations
   917 | D:1      | Reached XP level 3. HP: 19/19 MP: 6/9
  1635 | D:2      | Reached XP level 4. HP: 24/24 MP: 8/11
  1804 | D:2      | Reached skill level 6 in Conjurations
  3240 | D:4      | Reached XP level 5. HP: 28/28 MP: 7/13
  3308 | D:4      | Learned a level 5 spell: Iskenderun's Battlesphere
  3312 | D:4      | Learned a level 3 spell: Dazzling Spray
  3421 | D:4      | Noticed Duvessa
  3421 | D:4      | Noticed Dowan
  3461 | D:4      | Killed Duvessa
  3590 | D:4      | Killed Dowan
  3590 | D:4      | Reached skill level 7 in Conjurations
  3590 | D:4      | Reached XP level 6. HP: 13/32 MP: 6/15
  3985 | D:4      | Found a staircase to the Ecumenical Temple.
  3986 | D:4      | Found Bory Nie's Distillery.
  3994 | Temple   | Entered the Ecumenical Temple
  4161 | Temple   | Became a worshipper of Vehumet
  4250 | D:4      | Reached skill level 5 in Spellcasting
  4309 | D:4      | Gained mutation: Your body sometimes deteriorates upon taking damage. [potion of mutation]
  4309 | D:4      | Gained mutation: Your flesh is heat resistant. (rF+) [potion of mutation]
  4325 | D:4      | Noticed Blork the orc
  4340 | D:4      | Killed Blork the orc
  4688 | D:4      | You fall through a shaft!
  4688 | D:5      | Entered Level 5 of the Dungeon
  4688 | D:5      | Noticed a sky beast
  4719 | D:5      | Reached skill level 5 in Charms
  4719 | D:5      | Reached XP level 7. HP: 24/36 MP: 10/17
  4728 | D:5      | Learned a level 4 spell: Iskenderun's Mystic Blast
  5487 | D:5      | Reached skill level 8 in Conjurations
  5917 | D:5      | Reached XP level 8. HP: 32/42 MP: 8/19
  5995 | D:5      | Gained mutation: You are partially covered in slimy green scales. (AC +2) [mutagenic meat]
  5997 | D:5      | Gained mutation: You are agile. (Dex +2) [mutagenic meat]
  6031 | D:5      | Learned a level 4 spell: Fulminant Prism
  6266 | D:5      | Reached skill level 1 in Fighting
  6266 | D:5      | Reached skill level 1 in Evocations
  6830 | D:6      | Reached * piety under Vehumet
  6830 | D:6      | Offered knowledge of Flame Tongue by Vehumet.
  6833 | D:6      | Learned a level 1 spell: Flame Tongue
  6891 | D:6      | Found a sparkling altar of Nemelex Xobeh.
  6891 | D:6      | Found a blossoming altar of Fedhas.
  6938 | D:6      | Reached skill level 9 in Conjurations
  7240 | D:6      | Reached skill level 1 in Fire Magic
  7842 | D:7      | Reached XP level 9. HP: 46/46 MP: 13/21
  7918 | D:7      | Noticed a gargoyle
  7922 | D:7      | Killed a gargoyle
  8398 | D:7      | Noticed Prince Ribbit
  8404 | D:7      | Killed Prince Ribbit
  8404 | D:7      | Reached skill level 10 in Conjurations
  8545 | D:7      | Offered knowledge of Shock by Vehumet.
  8548 | D:7      | Learned a level 1 spell: Shock
  8554 | D:7      | Reached ** piety under Vehumet
  9475 | D:8      | Found a shattered altar of Ashenzari.
  9480 | D:8      | Found an ancient bone altar of Kikubaaqudgha.
  9817 | D:8      | Noticed a troll
  9820 | D:8      | Killed a troll
  9820 | D:8      | Reached XP level 10. HP: 54/54 MP: 16/24
 10144 | D:9      | Offered knowledge of Ignite Poison by Vehumet.
 10442 | D:9      | Reached *** piety under Vehumet
 10447 | D:9      | Reached skill level 11 in Conjurations
 10763 | D:9      | Found a burning altar of Makhleb.
 10992 | D:9      | Reached skill level 5 in Fire Magic
 10992 | D:9      | Reached skill level 5 in Evocations
 11258 | D:9      | Reached skill level 10 in Charms
 11269 | D:9      | Offered knowledge of Conjure Flame by Vehumet.
 11394 | D:9      | Noticed a manticore
 11401 | D:9      | Killed a manticore
 11646 | D:9      | Learned a level 3 spell: Conjure Flame
 11722 | D:9      | Reached XP level 11. HP: 60/60 MP: 24/26
 11789 | D:10     | Entered Level 10 of the Dungeon
 12018 | D:10     | Found a sacrificial altar of Ru.
 12035 | D:10     | Found a staircase to the Orcish Mines.
 12073 | D:10     | Found a staircase to the Lair.
 12119 | D:10     | Got an ancient lead ring
 12214 | D:10     | Reached skill level 1 in Air Magic
 12862 | D:11     | Reached **** piety under Vehumet
 12894 | D:11     | Reached skill level 12 in Conjurations
 12899 | D:11     | Noticed a centaur warrior
 12903 | D:11     | Shot with an arrow by a centaur warrior

Skill      XL: |  1  2  3  4  5  6  7  8  9 10 11 |
---------------+----------------------------------+-----
Conjurations   | 5 6 7 8 9 10 11 12 | 12.0
Spellcasting   | 4 5 6 7 8 9 |  9.7
Charms         | 3 5 6 8 9 10 | 10.6
Fighting       | 2 3 4 |  4.6
Evocations     | 3 4 5 |  5.8
Fire Magic     | 1 4 5 6 |  6.0
Air Magic      | 1 |  1.1
Dodging        | |  2.4
Stealth        | |  2.4

Action                   |  1- 3 |  4- 6 |  7- 9 | 10-12 || total
-------------------------+-------+-------+-------+-------++-------
Melee: Dagger            |     5 |       |    17 |       ||    22
 Cast: Magic Dart        |    67 |    72 |   108 |    59 ||   306
       Searing Ray       |     5 |    22 |    20 |    11 ||    58
       Iskenderun's Myst |       |       |     7 |     6 ||    13
       Iskenderun's Batt |       |       |    34 |    32 ||    66
       Flame Tongue      |       |       |     6 |    32 ||    38
       Fulminant Prism   |       |       |     7 |    10 ||    17
       Shock             |       |       |       |     6 ||     6
       Conjure Flame     |       |       |       |     1 ||     1
       Dazzling Spray    |       |       |       |     1 ||     1
Evoke: Wand              |       |     1 |     3 |    10 ||    14
  Use: Scroll            |       |     5 |     4 |     4 ||    13
       Potion            |       |     1 |       |       ||     1
  Eat: Chunk             |     2 |     9 |    19 |     4 ||    34
       Beef jerky        |       |     1 |     1 |       ||     2
       Pizza             |       |       |     2 |       ||     2
       Bread ration      |       |       |     1 |     3 ||     4
Armor: Robe              |     2 |     9 |    12 |    17 ||    40
Dodge: Dodged            |     9 |    22 |    30 |    44 ||   105
